 Dungeon Crawl Stone Soup version 0.28-a0-991-g956f0ee3d5 (webtiles) character file.

Game seed: 8270065048849305829

195258 blank1 the Warrior (level 17, -8/191 HPs)
             Began as a Troll Monk on Dec 3, 2021.
             Was a High Priest of Elyvilon.
             Mangled by a salamander (11 damage)
             ... on level 3 of the Snake Pit on Dec 4, 2021.
             The game lasted 02:31:09 (34509 turns).

blank1 the Warrior (Troll Monk)                    Turns: 34509, Time: 02:31:11

Health: -8/191     AC: 18    Str: 31    XL:     17   Next: 70%
Magic:  15/22      EV:  9    Int:  6    God:    Elyvilon [*****.]
Gold:   4582       SH:  7    Dex: 16    Spells: 20/22 levels left

rFire   . . .      SeeInvis .     - Unarmed
rCold   . . .      Faith    .   W - +0 kite shield {reflect}
rNeg    . . .      Spirit   .   d - +1 swamp dragon scales
rPois   +          Reflect  +   L - +2 hat
rElec   .          Harm     .   r - +1 cloak
rCorr   .          Rampage  .   (gloves unavailable)
Will    +....                   (boots unavailable)
Stlth   +.........              c - amulet of the acrobat
HPRegen 1.21/turn               h - +4 ring of slaying
MPRegen 0.18/turn               Q - +6 ring of strength

@: lethally poisoned (-8 -> -21), weakened, constricted
A: large, unfitting armour, claws 3, regeneration 1, shaggy fur 1, tough skin 1
}: 1/15 runes: decaying
a: Renounce Religion, Purification, Heal Other, Heal Self, Divine Vigour


You were on level 3 of the Snake Pit.
You worshipped Elyvilon.
Elyvilon was extremely pleased with you.
You visited 5 branches of the dungeon, and saw 30 of its levels.
You also visited: Bailey and Ice Cave.

You collected 4790 gold pieces.
You spent 208 gold pieces at shops.

Inventory:

Hand Weapons
 H - a +3 morningstar of freezing
Missiles
 K - 2 throwing nets
 T - 6 silver boomerangs
 V - 24 large rocks (quivered)
Armour
 d - +1 swamp dragon scales (worn)
 r - a +1 cloak (worn)
 L - a +2 hat (worn)
 W - a +0 kite shield of reflection (worn)
Jewellery
 c - an amulet of the acrobat (around neck)
 h - a +4 ring of slaying (left claw)
 q - the ring "Leateo" {+Blink rF- Str+6 Int+3 Slay+2}
   (You acquired it in a bailey)

   [ring of strength]

   Str:       It affects your strength (+6).
   Int:       It affects your intelligence (+3).
   Slay:      It affects your accuracy & damage with ranged weapons and melee
   (+2).
   rF:        It makes you vulnerable to fire.
   +Blink:    It lets you blink.
 v - a ring of flight
 P - the ring of the Mage {Wiz Will++ Int+3}
   (You found it on level 12 of the Dungeon)

   [ring of wizardry]

   It improves your spell success rate.
   Int:       It affects your intelligence (+3).
   Will:      It greatly increases your willpower.
 Q - a +6 ring of strength (right claw)
 U - the ring of Lenovath {Ice rCorr Str+2 Dex-2 Slay+3}
   (You found it on level 1 of the Swamp)

   [ring of ice]

   It enhances your ice magic.
   Str:       It affects your strength (+2).
   Dex:       It affects your dexterity (-2).
   Slay:      It affects your accuracy & damage with ranged weapons and melee
   (+3).
   rF:        It makes you vulnerable to fire.
   rC:        It protects you from cold.
   rCorr:     It protects you from acid and corrosion.
Wands
 e - a wand of polymorph (8)
 g - a wand of digging (12)
 p - a wand of paralysis (18)
 x - a wand of flame (35)
 y - a wand of mindburst (16)
 B - a wand of iceblast (11)
 M - a wand of charming (5)
 R - a wand of acid (12)
Scrolls
 a - 4 scrolls of enchant weapon
 b - 9 scrolls of teleportation
 f - 2 scrolls of blinking
 l - 6 scrolls of fog
 w - a scroll of silence
 z - 4 scrolls of amnesia
 C - 8 scrolls of identify
 D - 2 scrolls of magic mapping
 G - 5 scrolls of enchant armour
 I - 3 scrolls of fear
 J - 2 scrolls of brand weapon
 N - 2 scrolls of holy word
Potions
 i - 2 potions of attraction
 j - 6 potions of cancellation
 k - 11 potions of curing
 m - 2 potions of flight
 n - 4 potions of mutation
 o - 2 potions of resistance
 s - 3 potions of might
 t - 2 potions of berserk rage
 u - 7 potions of lignification
 A - 2 potions of invisibility
 E - 4 potions of haste
 F - 4 potions of magic
 O - 2 potions of heal wounds
 S - a potion of brilliance


   Skills:
 - Level 17.0 Fighting
 - Level 3.0 Maces & Flails
 - Level 3.0 Throwing
 - Level 11.0 Armour
 - Level 11.0 Dodging
 - Level 1.0 Stealth
 + Level 1.2 Shields
 + Level 15.1 Unarmed Combat
 - Level 3.0 Spellcasting
 - Level 3.0 Transmutations
 - Level 9.0 Invocations
 - Level 2.0 Evocations


You had 20 spell levels left.
You knew the following spells:

 Your Spells              Type           Power      Damage    Failure   Level
a - Wereblood             Tmut           4%         N/A       75%         2

Your spell library contained the following spells:

 Spells                   Type           Power      Damage    Failure   Level
 Animate Skeleton         Necr           0%         N/A       95%         1
 Magic Dart               Conj           0%         1d3       95%         1
 Pain                     Necr           0%         1d4       95%         1
 Slow                     Hex            0%         N/A       95%         1
 Blink                    Tloc           0%         N/A       98%         2
 Searing Ray              Conj           0%         2d4       98%         2
 Static Discharge         Conj/Air       0%         N/A       98%         2
 Sublimation of Blood     Necr           0%         N/A       98%         2
 Confusing Touch          Hex            0%         N/A       100%        3
 Gell's Gravitas          Tloc           0%         N/A       100%        3
 Inner Flame              Hex/Fire       0%         N/A       100%        3
 Lesser Beckoning         Tloc           0%         N/A       100%        3
 Portal Projectile        Hex/Tloc       0%         N/A       100%        3
 Teleport Other           Tloc           0%         N/A       100%        3
 Vampiric Draining        Necr           0%         2d6       100%        3
 Cause Fear               Hex            0%         N/A       100%        4
 Dispel Undead            Necr           0%         3d6       100%        4
 Fulminant Prism          Conj/Hex       0%         3d6       100%        4
 Passage of Golubria      Tloc           0%         N/A       100%        4
 Petrify                  Tmut/Erth      2%         N/A       100%        4
 Sticky Flame             Conj/Fire      0%         2d3       100%        4
 Blade Hands              Tmut           2%         N/A       100%        5
 Excruciating Wounds      Necr           0%         N/A       100%        5
 Fireball                 Conj/Fire      0%         3d3       100%        5
 Irradiate                Conj/Tmut      1%         3d13      100%        5
 Iskenderun's Battlesphe  Conj           0%         2d6       100%        5
 Manifold Assault         Tloc           0%         N/A       100%        5
 Silence                  Hex/Air        0%         N/A       100%        5
 Yara's Violent Unravell  Hex/Tmut       1%         3d3       100%        5
 Conjure Ball Lightning   Conj/Air       0%         3x3d6     100%        6
 Dispersal                Tloc           0%         N/A       100%        6
 Starburst                Conj/Fire      0%         6d3       100%        6
 Orb of Destruction       Conj           0%         N/A       100%        7
 Summon Hydra             Summ           0%         N/A       100%        7
 Discord                  Hex            0%         N/A       100%        8
 Ignition                 Fire           0%         3d3       100%        8
 Lehudib's Crystal Spear  Conj/Erth      0%         10d2      100%        8


Dungeon Overview and Level Annotations

Branches:
Dungeon (15/15)            Temple (0/1) D:5            Lair (6/6) D:11
  Swamp (4/4) Lair:3        Snake (3/4) Lair:2        Slime (0/5) Lair:6
    Orc (2/2) D:11            Elf (0/3) Orc:2        Vaults (0/5) D:13
 Depths (0/4) D:15         Bailey (visited)           IceCv (visited)

Altars:
Ashenzari
Cheibriados
Dithmenos
Elyvilon
Fedhas
Gozag
Kikubaaqudgha
Makhleb
Nemelex Xobeh
Vehumet
Yredelemnul
Zin
Beogh
Lugonu

Shops:
D:6 *   D:9 :   D:12 (   D:13 *   Orc:2 (=?:   Snake:2 [(!

Portals:
Abyss: Lair:6

Annotations:
Lair:5 2 transporters, Pinouros's ghost, journeyman DECj
Snake:3 Mara


Innate Abilities, Weirdness & Mutations

You are too large for most types of armour.
You have claws for hands.
Your natural rate of healing is unusually fast.
You are covered in fur. (AC +1)
You have tough skin. (AC +1)


Message History

You assume a fearsome visage.
The anaconda resists with some effort.
The black mamba looks frightened! x2; The salamander tyrant looks frightened!
The salamander looks frightened!
The salamander easily resists. x2
The salamander looks frightened!
The mana viper resists with almost no effort.
The anaconda bites you but does no damage.
The anaconda constricts you. You block the salamander's attack.
The salamander hits you but does no damage.
The mana viper barely misses you. The anaconda bites you.
* * * LOW HITPOINT WARNING * * *
The anaconda constricts you.
Unknown command.
You miss the anaconda.
The anaconda is lightly wounded.
You block the anaconda's attack. The anaconda constricts you.
* * * LOW HITPOINT WARNING * * *
The mana viper bites you.
* * * LOW HITPOINT WARNING * * *
You feel your power leaking away.
The salamander hits you but does no damage. x2
The anaconda closely misses you. The anaconda constricts you.
The mana viper barely misses you.
The salamander hits you from afar with a +0 glaive.
* * * LOW HITPOINT WARNING * * *
You are engulfed in flames!
Elyvilon protects you from harm!
You are healed.
The anaconda bites you.
* * * LOW HITPOINT WARNING * * *
The anaconda constricts you.
* * * LOW HITPOINT WARNING * * *
The salamander hits you from afar with a +4 halberd of venom!!
* * * LOW HITPOINT WARNING * * *
You are engulfed in flames!
* * * LOW HITPOINT WARNING * * *
You are lethally poisoned!
The mana viper barely misses you. The anaconda closely misses you.
The anaconda constricts you. Elyvilon protects you from harm!
The salamander hits you from afar with a +0 glaive!
You die...

# ##S #...
##### ...##...#
. ......###
....##..S...#..
#..N.@S......
#.#.#.#...###.
.N. ..## .....
.## .N..... .N
...>N.. ..
....... ###
.......


You could see a salamander tyrant (fleeing), 4 salamanders, an anaconda, a mana
viper and a black mamba (fleeing).

Vanquished Creatures
  Bai Suzhen (Swamp:4)
  A tentacled monstrosity (Swamp:2)
  Frances (D:12)
  2 thorn hunters
  Donald (Snake:2)
  A fire giant (D:15)
  3 eleionomae
  8 bunyips
  A shambling mangrove (Swamp:4)
  Erolcha (Orc:2)
  3 boulder beetles
  22 hydras
  6 naga warriors
  5 vault guards (D:13)
  3 ghost crabs
  4 ogre magi
  A death knight (D:12)
  4 alligators
  2 catoblepae (Lair:5)
  4 anacondas
  5 centaur warriors
  12 two-headed ogres
  A death yak (Lair:3)
  A tengu warrior (D:13)
  2 spriggan berserkers (Swamp:1)
  3 thrashing horrors (Lair:6)
  A shock serpent (Snake:1)
  7 naga sharpshooters
  2 orc high priests (Bailey)
  The ghost of croobank the Gouger, a journeyman FeDe of Vehumet (Lair:3)
  3 spriggans
  11 skeletal warriors
  A sea snake (Snake:2)
  A salamander mystic (Snake:2)
  4 goliath frogs
  5 naga ritualists
  3 spriggan druids
  Pikel (D:8)
  4 bog bodies
  3 wizards
  12 swamp dragons
  3 orc knights
  2 lindwurms (Lair:5)
  5 mana vipers
  A lindwurm (shapeshifter) (Lair:6)
  26 ugly things
  4 deep elf pyromancers
  9 orc sorcerers
  An orb spider (shapeshifter) (Lair:6)
  3 will-o-the-wisps
  A mana viper (shapeshifter) (Lair:6)
  3 salamanders
  4 manticores
  3 cyclopes
  3 centaur zombies
  26 elephants
  2 guardian serpents (Snake:2)
  21 black mambas
  7 naga magi
  5 gargoyles
  A torpor snail (Lair:3)
  An unseen horror (D:13)
  6 cane toads
  Psyche (D:12)
  A yaktaur (D:13)
  Maggie (D:6)
  7 rime drakes
  An efreet (D:15)
  13 komodo dragons
  2 ancient zymes (Lair:6)
  A merfolk (shapeshifter) (Lair:6)
  A wolf spider simulacrum (D:13)
  7 hornets
  2 bloated husks
  4 trolls
  9 tyrant leeches
  18 blink frogs
  13 slime creatures
  2 polar bears (Lair:6)
  A wraith (D:11)
  2 shadows
  2 ynoxinuls (Lair:6)
  7 wyverns
  2 vampires
  A human (D:13)
  A large abomination (Lair:6)
  30 yaks
  10 vampire mosquitoes
  6 basilisks
  13 swamp worms
  19 nagas
  A chaos spawn (Lair:6)
  2 death yak simulacra (IceCv)
  4 wargs
  Duvessa (D:5)
  19 water moccasins
  6 swamp drakes
  3 ice beasts
  36 orc warriors
  15 ogres
  5 black bears
  A necrophage (D:5)
  6 wolves
  19 centaurs
  2 kobold brigands
  13 bullfrogs
  A scorpion (D:4)
  9 small abominations (Lair:6)
  A gnoll sergeant (D:6)
  A cane toad simulacrum (IceCv)
  Dowan (D:5)
  6 killer bees (D:8)
  9 wights
  An elephant simulacrum (IceCv)
  6 electric eels
  A vampire bat (Lair:3)
  2 howler monkeys (D:9)
  A hound (D:6)
  6 jellies
  2 gnoll shamans
  17 orc priests
  2 centaur skeletons
  8 iguanas
  Jessica (D:2)
  31 orc wizards
  A hound skeleton (D:4)
  7 adders
  17 gnolls
  A shadow imp (D:5)
  4 ufetubi
  2 worms (D:2)
  6 dart slugs
  84 orcs
  11 endoplasms
  7 giant cockroaches
  19 goblins
  19 hobgoblins
  A jackal (D:1)
  15 kobolds
  7 quokkas
  8 ball pythons
  11 bats
  12 rats
942 creatures vanquished.

Vanquished Creatures (collateral kills)
  A killer bee (D:8)
  A kobold (D:8)
2 creatures vanquished.

Vanquished Creatures (others)
  A goliath frog (Swamp:3)
  A bloated husk (Swamp:1)
  An orc wizard (Orc:1)
  An orc (Bailey)
  A bush (Lair:2)
  22 foxfires
  28 fungi
  77 plants
132 creatures vanquished.

Grand Total: 1076 creatures vanquished

Notes
Turn   | Place    | Note
-------+----------+-------------------------------------------
     0 | D:1      | blank1 the Troll Monk began the quest for the Orb.
     0 | D:1      | Reached XP level 1. HP: 22/22 MP: 0/0
    58 | D:1      | Reached XP level 2. HP: 29/29 MP: 1/1
   160 | D:1      | Reached XP level 3. HP: 35/36 MP: 2/2
   464 | D:1      | Found a faded altar of an unknown god.
   548 | D:1      | Prayed at the altar of an unknown god.
   548 | D:1      | Became a worshipper of Elyvilon the Healer
   548 | D:1      | Reached * piety under Elyvilon
   548 | D:1      | Reached ** piety under Elyvilon
   717 | D:2      | Reached *** piety under Elyvilon
   807 | D:2      | Noticed Jessica
   812 | D:2      | Killed Jessica
   813 | D:2      | Reached XP level 4. HP: 43/44 MP: 3/3
  1330 | D:2      | Reached skill level 3 in Fighting
  1619 | D:3      | Found a burning altar of Makhleb.
  1632 | D:3      | Reached skill level 1 in Invocations
  1899 | D:3      | Reached **** piety under Elyvilon
  1999 | D:3      | Found a broken altar of Ashenzari.
  2306 | D:4      | Noticed a scorpion
  2313 | D:4      | Killed a scorpion
  2314 | D:4      | Reached XP level 5. HP: 43/53 MP: 3/5
  2647 | D:4      | You fall into a shaft and drop 1 floor!
  2647 | D:5      | Entered Level 5 of the Dungeon
  2678 | D:5      | Found a staircase to the Ecumenical Temple.
  2709 | D:4      | Reached XP level 6. HP: 61/61 MP: 6/6
  2772 | D:4      | Reached skill level 4 in Fighting
  3171 | D:5      | Reached ***** piety under Elyvilon
  3184 | D:5      | Reached skill level 5 in Fighting
  3184 | D:5      | Reached XP level 7. HP: 71/72 MP: 7/7
  3282 | D:5      | Noticed Dowan
  3283 | D:5      | Noticed Duvessa
  3294 | D:5      | Killed Dowan
  3304 | D:5      | Killed Duvessa
  3305 | D:5      | Reached skill level 6 in Fighting
  3514 | D:6      | Reached skill level 5 in Unarmed Combat
  3548 | D:6      | Reached XP level 8. HP: 83/83 MP: 7/9
  3624 | D:6      | Found Zin's Purification Station.
  3628 | D:6      | Found a glowing silver altar of Zin.
  3717 | D:6      | Reached skill level 5 in Dodging
  3950 | D:6      | Noticed Maggie
  3959 | D:6      | Killed Maggie
  3993 | D:6      | Reached XP level 9. HP: 91/91 MP: 10/10
  4735 | D:7      | Found a sparkling altar of Nemelex Xobeh.
  4776 | D:7      | Reached skill level 1 in Armour
  5293 | D:8      | Found a basalt altar of Yredelemnul.
  5345 | D:8      | Found a flagged portal.
  5366 | D:8      | Noticed Pikel
  5374 | D:8      | Killed Pikel
  5375 | D:8      | Reached skill level 7 in Fighting
  5383 | Bailey   | Entered a bailey
  5516 | Bailey   | Noticed an orc knight
  5633 | Bailey   | Noticed an orc high priest
  5641 | Bailey   | Killed an orc high priest
  5642 | Bailey   | Reached XP level 10. HP: 102/104 MP: 12/12
  5655 | Bailey   | Killed an orc knight
  5656 | Bailey   | Reached skill level 8 in Fighting
  5661 | Bailey   | Noticed an orc high priest
  5673 | Bailey   | Killed an orc high priest
  5674 | Bailey   | Reached skill level 5 in Invocations
  5729 | Bailey   | Found an iron altar of Okawaru.
  5877 | Bailey   | Acquired the ring "Leateo" {+Blink rF- Str+6 Int+3 Slay+2}
  6340 | D:8      | Reached skill level 5 in Armour
  6355 | D:8      | Found an opulent altar of Gozag.
  6405 | D:8      | Identified the +0 leather armour of the Thirteen Orbs
                  | {Dex+3}
  6418 | D:8      | Noticed a gargoyle
  6426 | D:8      | Killed a gargoyle
  6834 | D:9      | Found a blossoming altar of Fedhas.
  6895 | D:9      | Identified the +8 ring mail of Supple Strength {rElec Str+9
                  | SInv Stlth-}
  6931 | D:9      | Found Qumueqoe's Book Emporium.
  7089 | D:9      | Reached XP level 11. HP: 108/111 MP: 13/13
  7208 | D:9      | Reached skill level 10 in Unarmed Combat
  7215 | D:9      | Reached ****** piety under Elyvilon
  7348 | D:9      | Noticed a two-headed ogre
  7361 | D:9      | Killed a two-headed ogre
  7669 | D:10     | Entered Level 10 of the Dungeon
  8093 | D:10     | Found a snail-covered altar of Cheibriados.
  8597 | D:10     | Reached skill level 9 in Fighting
  8707 | D:10     | Upgraded the game from 0.28-a0-983-g1de4e0787c to
                  | 0.28-a0-984-g3775c662fe
  8813 | D:11     | Noticed a two-headed ogre
  8813 | D:11     | Noticed a two-headed ogre
  8836 | D:11     | Killed a two-headed ogre
  8839 | D:11     | Killed a two-headed ogre
  8874 | D:11     | Reached skill level 10 in Fighting
  9005 | D:11     | Noticed a two-headed ogre
  9091 | D:11     | Found a staircase to the Lair.
  9109 | D:11     | Reached XP level 12. HP: 82/126 MP: 16/16
  9121 | D:11     | Killed a two-headed ogre
 10043 | D:11     | Found a staircase to the Orcish Mines.
 10089 | Lair:1   | Entered Level 1 of the Lair of Beasts
 10345 | Lair:1   | Noticed a seven-headed hydra
 10360 | Lair:1   | Killed a seven-headed hydra
 10361 | Lair:1   | Reached skill level 1 in Maces & Flails
 10754 | Lair:1   | You fall into a shaft and drop 1 floor!
 11305 | Lair:2   | Reached skill level 11 in Fighting
 11491 | Lair:2   | Found a staircase to the Snake Pit.
 11688 | Lair:2   | Reached XP level 13. HP: 101/137 MP: 17/17
 12410 | Lair:3   | Found a large runed translucent door.
 12498 | Lair:3   | Found a large runed translucent door.
 12504 | Lair:3   | Noticed croobank's ghost (journeyman FeDe)
 12546 | Lair:3   | Killed croobank's ghost
 13322 | Lair:3   | Found a staircase to the Swamp.
 13503 | Lair:4   | Reached skill level 12 in Fighting
 14352 | Lair:5   | Noticed Pinouros's ghost (journeyman DECj)
 14393 | Lair:5   | Identified the +11 falchion of Mordant Subterfuge {pain,
                  | rElec}
 14393 | Lair:5   | Identified the ring "Difoepi" {Wiz *Slow rElec Str+8}
 14910 | Lair:5   | Found a transporter.
 14936 | Lair:5   | Found a transporter.
 15082 | Lair:5   | Reached XP level 14. HP: 98/150 MP: 19/19
 15313 | Lair:6   | Entered Level 6 of the Lair of Beasts
 15340 | Lair:6   | Found a staircase to the Slime Pits.
 15534 | Lair:6   | Reached skill level 13 in Fighting
 15578 | Lair:6   | Reached skill level 1 in Evocations
 16936 | Lair:6   | Reached skill level 14 in Fighting
 17056 | Lair:6   | Found a corrupted altar of Lugonu.
 17056 | Lair:6   | Found a one-way gate to the infinite horrors of the Abyss.
 17656 | D:12     | Noticed Psyche
 17674 | D:12     | Killed Psyche
 17863 | D:12     | Noticed Frances
 17873 | D:12     | Killed Frances
 17878 | D:12     | Found the ring of the Mage {Wiz Will++ Int+3}
 17914 | D:12     | Learned a level 2 spell: Wereblood
 18152 | D:12     | Found Fixkag's Weapon Shoppe.
 18198 | D:12     | Acquired 1224 gold pieces
 18361 | D:13     | Reached skill level 1 in Transmutations
 18610 | D:13     | Reached skill level 1 in Spellcasting
 18910 | D:13     | Reached XP level 15. HP: 121/163 MP: 20/20
 19100 | D:13     | Found Betynuw's Pet Rocks.
 19583 | D:13     | Found a gate to the Vaults.
 20544 | D:14     | Reached skill level 15 in Fighting
 21033 | D:15     | Entered Level 15 of the Dungeon
 21841 | D:15     | Found a staircase to the Depths.
 21841 | D:15     | Noticed a fire giant
 22062 | D:15     | Killed a fire giant
 22830 | Orc:1    | Entered Level 1 of the Orcish Mines
 23208 | Orc:1    | Upgraded the game from 0.28-a0-984-g3775c662fe to
                  | 0.28-a0-991-g956f0ee3d5
 23511 | Orc:2    | Entered Level 2 of the Orcish Mines
 23680 | Orc:2    | Found a frozen archway.
 23751 | IceCv    | Entered an ice cave
 23753 | IceCv    | Found a transporter.
 23774 | IceCv    | Found a transporter.
 24052 | Orc:2    | Found a staircase to the Elven Halls.
 24176 | Orc:2    | Reached XP level 16. HP: 174/176 MP: 21/21
 24593 | Orc:2    | Found Useukhli's Magic Scroll Shoppe.
 24637 | Orc:2    | Noticed Erolcha
 24698 | Orc:2    | Found a radiant altar of Vehumet.
 24711 | Orc:2    | Killed Erolcha
 24757 | Orc:2    | Found an ancient bone altar of Kikubaaqudgha.
 24777 | Orc:2    | Paralysed by an orc sorcerer for 4 turns
 24819 | Orc:2    | Found Geem's Jewellery Shoppe.
 24891 | Orc:2    | Found Xughomp's Antique Weapon Shoppe.
 24894 | Orc:2    | Found Romypn's Book Emporium.
 25013 | Orc:2    | Paralysed by an orc sorcerer for 3 turns
 25250 | Snake:1  | Entered Level 1 of the Snake Pit
 25564 | Snake:1  | Reached skill level 16 in Fighting
 26453 | Snake:2  | Found Jiyry's Distillery.
 26614 | Snake:2  | Bought a potion of might for 60 gold pieces
 26614 | Snake:2  | Bought a potion of heal wounds for 75 gold pieces
 26728 | Snake:2  | Found Sellin's Weapon Emporium.
 26802 | Snake:2  | HP: 8/179 [constriction (6)]
 26803 | Snake:2  | Elyvilon protects you from harm!
 26803 | Snake:2  | Elyvilon protects you from harm!
 26817 | Snake:2  | HP: 6/179 [guardian serpent (8)]
 27483 | Snake:2  | Reached skill level 10 in Armour
 27483 | Snake:2  | Reached skill level 10 in Dodging
 27495 | Snake:2  | HP: 1/179 [naga warrior (13)]
 27710 | Swamp:1  | Entered Level 1 of the Swamp
 28073 | Swamp:1  | Noticed a thorn hunter
 28089 | Swamp:1  | Killed a thorn hunter
 28186 | Swamp:1  | Identified the ring of Lenovath {Ice rCorr Str+2 Dex-2
                  | Slay+3}
 28329 | Swamp:1  | Found a shadowy altar of Dithmenos.
 29118 | D:13     | Bought 3 large rocks for 31 gold pieces
 29120 | D:13     | Bought 4 large rocks for 42 gold pieces
 29408 | Swamp:2  | HP: 8/180 [spriggan druid (7)]
 29411 | Swamp:2  | HP: 1/180 [four-headed hydra (4)]
 29660 | Swamp:2  | Reached skill level 1 in Throwing
 29788 | Swamp:2  | Noticed a tentacled monstrosity
 29805 | Swamp:2  | Killed a tentacled monstrosity
 30448 | Swamp:2  | Reached XP level 17. HP: 174/189 MP: 22/22
 30953 | Swamp:3  | Reached skill level 17 in Fighting
 31530 | Swamp:4  | Entered Level 4 of the Swamp
 32075 | Swamp:4  | Reached skill level 15 in Unarmed Combat
 32291 | Swamp:4  | Noticed Bai Suzhen
 32338 | Swamp:4  | Killed Bai Suzhen
 33048 | Swamp:4  | Got a decaying rune of Zot
 33711 | Snake:2  | Found Ygoogeru's Armour Boutique.
 33990 | Snake:2  | Noticed Donald
 33999 | Snake:2  | Killed Donald
 34297 | Snake:3  | Noticed Mara
 34336 | Snake:2  | Reached skill level 1 in Shields
 34508 | Snake:3  | HP: 8/191 [salamander (5)]
 34508 | Snake:3  | Elyvilon protects you from harm!
 34509 | Snake:3  | HP: 3/191 [salamander (8)]
 34509 | Snake:3  | Elyvilon protects you from harm!
 34509 | Snake:3  | Mangled by a salamander

Illustrated notes

Levels and vault maps discovered:
D:1:      mrwooster_arrival_statue_2, layout_rooms,
          hellmonk_ecumenical_altar_crossroads, chequers_jeans,
          minmay_heptomino_w4
D:2:      layout_basic, uniq_jessica
D:3:      layout_loops_ring, mainiacjoe_overflow_24_doors,
          mainiacjoe_overflow_paths, kennysheep_generic_room_5
D:4:      layout_loops_cross, minmay_liquid_box, minmay_misc_feat_encased
D:5:      layout_basic, minmay_temple_entry_glass, uniq_duvessa
D:6:      layout_basic, zin_purify, uniq_maggie
D:7:      layout_basic, mainiacjoe_overflow_small_starburst
D:8:      layout_loops_ring, grunt_gozag_breadcrumbs, yredelemnul_altar_generic,
          enter_bailey_5, uniq_pikel
D:9:      layout_irregular_city, mainiacjoe_overflow_boulevard, serial_shops,
          kennysheep_mini_moat
D:10:     layout_stronghold, mainiacjoe_overflow_surrounded_room
D:11:     layout_roguey [special_room_orc], minmay_lair_entry_grove, david_orc_4
D:12:     layout_cave_pools, serial_shops, nicolae_shop_hallway_stairs,
          minmay_radiant, uniq_frances, uniq_psyche
D:13:     layout_loops_ring, grunt_vaults_entry_fortified, guppyfry_shop_earth
D:14:     layout_gridville, serial_park_square2, amethyst_killhole,
          nrook_mini_vaults
D:15:     grunt_enter_depths_giant_problem, layout_basic, columned_hall_lemuel
Lair:1:   layout_roguey
Lair:2:   layout_regular_city, minmay_snake_entry_six_corridors, evilmike_ambush
          [evilmike_ambush_outer_corners, evilmike_ambush_inner_wall_2],
          serial_bayou_shore_b
Lair:3:   layout_long_grid, palyth_hydra_swamp_entry,
          ebering_ghost_disaster_area, roderic_batcave, st_stairs_4,
          lemuel_fruit_tree
Lair:4:   layout_cave_shapes
Lair:5:   cheibrodos_lair_overgrown_chateau, layout_regular_city,
          gammafunk_ghost_hive
Lair:6:   hellmonk_lair_end_abyssal_woods, layout_gridlike,
          nicolae_slime_entry_slimehenge, infiniplex_staircase_pool_2,
          serial_bayou_shore_a
Swamp:1:  layout_falls_marsh, basic_altar
Swamp:2:  layout_falls_marsh, serial_swamp_ruin, evilmike_swamp_ruin_house_3,
          evilmike_swamp_ruin_house_6, evilmike_swamp_ruin_house_1, swamp_pool4,
          nicolae_swamp_triple_paths
Swamp:3:  layout_basic_swamp, evilmike_swamp_ruin_rubble_1
Swamp:4:  swamp_alternative, layout_basic_swamp, uniq_bai_suzhen
Snake:1:  layout_gridlike, st_stairs_4, serial_bayou_pond_b
Snake:2:  layout_gridlike, serial_shops, shop, shop, nicolae_stop_n_shop_2,
          uniq_donald
Snake:3:  layout_honeycomb, st_stairs_4, nicolae_snake_squiggles,
          minmay_snake_pond, uniq_mara
Orc:1:    layout_diamond_mine, nicolae_orc_flooded_monolith
Orc:2:    kennysheep_orc_mage_school, layout_caves, portal_ice_cave_rime

Skill      XL: |  1  2  3  4  5  6  7  8  9 10 11 12 13 14 15 16 17 |
---------------+----------------------------------------------------+-----
Dodging        | 3 4 6 7 9 10 11 | 11.0
Fighting       | 3 5 6 7 8 10 11 12 14 15 16 17 | 17.0
Invocations    | 1 2 3 4 5 7 9 |  9.0
Unarmed Combat | 4 6 8 9 10 11 12 13 14 15 | 15.1
Armour         | 3 5 7 8 9 10 11 | 11.0
Maces & Flails | 2 3 |  3.0
Evocations     | 2 |  2.0
Transmutations | 1 3 |  3.0
Spellcasting   | 1 3 |  3.0
Throwing       | 3 |  3.0
Shields        | 1 |  1.2
Stealth        | |  1.0

Action                   |  1- 3 |  4- 6 |  7- 9 | 10-12 | 13-15 | 16-18 || total
-------------------------+-------+-------+-------+-------+-------+-------++-------
Melee: Unarmed           |   115 |   112 |   228 |   590 |  1155 |   702 ||  2902
       Punch             |     3 |     4 |     6 |    49 |   101 |    91 ||   254
       Morningstar       |       |       |       |     6 |    42 |    85 ||   133
Throw: Large rock        |       |       |       |       |       |    12 ||    12
 Cast: Wereblood         |       |       |       |       |     5 |       ||     5
Invok: Heal Self         |       |       |     5 |     1 |     7 |    20 ||    33
       Purification      |       |       |       |     1 |       |       ||     1
  Use: Scroll            |     1 |     4 |    12 |    11 |     5 |     6 ||    39
       Potion            |       |       |       |       |     1 |     4 ||     5
 Stab: Sleeping          |     4 |     7 |     1 |       |       |     1 ||    13
       Distracted        |       |       |       |       |     1 |     1 ||     2
       Confused          |       |       |       |       |       |     2 ||     2
Armor: Robe              |    36 |    14 |    23 |       |       |       ||    73
       Swamp dragon scal |       |       |    28 |   237 |   487 |   472 ||  1224
Dodge: Dodged            |    61 |    47 |   146 |   328 |   731 |   761 ||  2074
Block: Kite shield       |       |       |       |       |       |    27 ||    27

Table legend: (Time is in decaauts)
 A = Elapsed time spent in this place.
 B = Non-inter-level travel time spent in this place.
 C = Inter-level travel time spent in this place.
 D = Time resting spent in this place.
 E = Time spent auto-exploring this place.
 F = Levels seen in this place.
 G = Mean time per level.
                   A        B        C        D        E       F      G
               +--------+--------+--------+--------+--------+-----+--------+
         Total |  34442 |  31721 |   2721 |   4462 |  15748 |  32 | 1076.3 |
       Dungeon |  15017 |  13884 |   1133 |   1217 |   8451 |  15 | 1001.1 |
          Lair |   7921 |   6971 |    950 |    990 |   3463 |   6 | 1320.2 |
         Swamp |   5042 |   4748 |    294 |   1292 |   1597 |   4 | 1260.5 |
     Snake Pit |   3433 |   3224 |    209 |    744 |   1238 |   3 | 1144.3 |
  Orcish Mines |   2207 |   2074 |    133 |    113 |    717 |   2 | 1103.5 |
        Bailey |    777 |    777 |      0 |    106 |    280 |   1 |  777.0 |
      Ice Cave |     42 |     42 |      0 |      0 |      0 |   1 |   42.0 |
               +--------+--------+--------+--------+--------+-----+--------+

Top non-repeatable levels by time:
  Lair:6: 1906 daAuts
 Snake:2: 1713 daAuts
 Snake:1: 1700 daAuts
  Lair:3: 1672 daAuts
    D:13: 1624 daAuts
    D:15: 1545 daAuts
   Orc:2: 1443 daAuts
    D:11: 1440 daAuts
 Swamp:2: 1399 daAuts
 Swamp:3: 1380 daAuts
    D:14: 1373 daAuts
  Lair:5: 1315 daAuts
  Lair:2: 1290 daAuts
 Swamp:4: 1214 daAuts
    D:10: 1192 daAuts
